 Dungeon Crawl Stone Soup version 0.31-a0-640-g39d97e502b (webtiles) character file.

Game seed: 12195433449940529635

105 GloriousHammer the Shooter (level 4, -3/24 HPs)
             Began as a Deep Elf Hexslinger on Aug 29, 2023.
             Succumbed to an orc wizard's poison
             ... on level 3 of the Dungeon.
             The game lasted 00:08:53 (4359 turns).

GloriousHammer the Shooter (Deep Elf Hexslinger)    Turns: 4359, Time: 00:08:54

Health: -3/24      AC:  4    Str:  8    XL:     4   Next: 53%
Magic:  8/8        EV: 12    Int: 26    God:
Gold:   116        SH:  0    Dex: 17    Spells: 2/6 levels left

rFire   . . .        d - +0 orcbow
rCold   . . .        (shield currently unavailable)
rNeg    . . .        i - +0 leather armour
rPois   .            (no helmet)
rElec   .            e - +0 cloak
rCorr   .            (no gloves)
SInv    .            (no boots)
Will    +....        r - amulet "Sumnurgh" {Acrobat Str+3}
Stlth   +            m - +6 ring of intelligence
HPRegen 0.24/turn    (no ring)
MPRegen 0.11/turn

%: acrobat
@: confused, lethally poisoned (-3 -> -20), attractive, enlightened, flying
A: no striking features
a: no special abilities


You were on level 3 of the Dungeon.
You visited 1 branch of the dungeon, and saw 4 of its levels.

You collected 116 gold pieces.

Inventory:

Hand Weapons
 a - a +1 sling
 d - a +0 orcbow (weapon)
 s - the +6 mace of Ypnuij {antimagic, Dex+5}
   (You found it on level 3 of the Dungeon)

   Dex+5:     It affects your dexterity (+5).
Armour
 c - a +0 robe
 e - a +0 cloak (worn)
 h - a +0 ring mail
 i - a +0 leather armour (worn)
Jewellery
 m - a +6 ring of intelligence (left hand)
 r - the amulet "Sumnurgh" (around neck) {Acrobat Str+3}
   (You found it on level 3 of the Dungeon)

   [amulet of the acrobat]

   Acrobat:   It increases your evasion while moving and waiting.
   Str+3:     It affects your strength (+3).
Scrolls
 b - a scroll of poison
 g - 3 scrolls of identify {unknown}
 j - a scroll of enchant weapon {unknown}
 l - a scroll of blinking {unknown}
 n - 2 scrolls of teleportation {unknown}
 q - a scroll of amnesia {unknown}
Potions
 k - a potion of attraction
 o - a potion of haste


   Skills:
 - Level 0.7 Fighting
 * Level 5.7 Ranged Weapons
 + Level 1.4 Armour
 - Level 2.4 Dodging
 - Level 1.5 Spellcasting
 + Level 4.0 Hexes


You had 2 spell levels left.
You knew the following spells:

 Your Spells              Type           Power      Damage    Failure   Level
a - Slow                  Hex            88%        N/A       3%          1
b - Confusing Touch       Hex            22%        N/A       9%          3

Your spell library contained the following spells:

 Spells                   Type           Power      Damage    Failure   Level
 Kiss of Death            Conj/Necr      4%         2d5       16%         1
 Sublimation of Blood     Necr           1%         N/A       24%         2
 Wereblood                Tmut           1%         N/A       24%         2
 Inner Flame              Hex/Fire       12%        N/A       21%         3
 Portal Projectile        Hex/Tloc       24%        N/A       21%         3
 Cause Fear               Hex            11%        N/A       28%         4
 Dispel Undead            Necr           1%         3d6       83%         4
 Summon Hydra             Summ           0%         N/A       100%        7


Dungeon Overview and Level Annotations

Branches:
Dungeon (4/15)             Temple (0/1) D:4

Altars:
Wu Jian
Xom

Annotations:
D:1 exclusion: downstairs


Message History

There is a stone staircase leading up here.
The frilled lizard hisses angrily.
You see here a +0 short sword.
A frilled lizard is nearby!
You shoot an arrow.
The arrow barely misses the frilled lizard.
You shoot an arrow. The arrow hits the frilled lizard!
You kill the frilled lizard!
No target in view!
No target in view!
You see here the +6 mace of Ypnuij {antimagic, Dex+5}.
s - the +6 mace of Ypnuij {antimagic, Dex+5} You see here a +0 short sword.
Things that are here:
a +0 dagger; an orc skeleton You see here a +0 short sword.
Found an ornate altar of the Wu Jian Council.
You see here a +0 dagger.
Done exploring.
Done exploring.
Done exploring.
Done exploring.
Search for what [Enter for "."]? .
There is a stone staircase leading down here.
You climb downwards.
The orc wizard shouts!
The orc shouts!
Found a stone staircase leading down and a staircase to the Ecumenical Temple.
There is a stone staircase leading up here.
There are monsters nearby!
You shoot an arrow. The arrow hits the orc.
The orc is severely wounded.
You shoot an arrow. The arrow barely misses the orc.
The arrow hits the orc wizard!
The orc wizard is heavily wounded.
The orc wizard casts a spell.
The orc wizard flickers and vanishes!
Deactivating autopickup; reactivate with Ctrl-A.
You shoot an arrow. The arrow hits the orc.
You kill the orc!
You shoot an arrow.
The arrow closely misses the orc wizard.
The orc misses you.
The orc wizard gestures wildly while chanting.
The orc wizard flickers and vanishes!
You climb upwards.
Reactivating autopickup.
There is a stone staircase leading down here.
You shoot an arrow. The arrow hits the orc!
You kill the orc!
You see here a +0 dagger.
You start waiting.
Done waiting.
You start waiting.
Done waiting.
You see here a +0 dagger.
There is a stone staircase leading down here.
You climb downwards.
The orc wizard casts a spell.
The orc wizard flickers and vanishes!
Deactivating autopickup; reactivate with Ctrl-A.
The orc wizard casts a spell at you.
You are confused.
There is a stone staircase leading up here.
The orc wizard hits you with a +0 dagger.
In your confused state, you trip and fall back down the stairs.
Something hits you.
The orc wizard hits you but does no damage.
Something hits you.
You are poisoned.
The orc wizard barely misses you.
You climb upwards.
Reactivating autopickup.
You feel very sick.
There is a stone staircase leading down here.
You feel sick. The orc wizard misses you.
You hear some strange, mumbled words.
Deactivating autopickup; reactivate with Ctrl-A.
Something tries to affect you, but you resist.
You feel less confused.
You feel sick. The orc wizard misses you.
You hear some strange, mumbled words.
You are confused.
It was a potion of attraction.
You feel attractive to monsters.
You feel sick.
The orc wizard hits you but does no damage.
It was a potion of magic.
Magic courses through your body.
You feel sick. The orc wizard closely misses you. Something hits you.
* * * LOW HITPOINT WARNING * * *
You are lethally poisoned!
It was a potion of enlightenment.
You feel very buoyant.
You fly up into the air.
* * * LOW HITPOINT WARNING * * *
You feel very sick. The orc wizard barely misses you.
Something hits you but does no damage.
You are more poisoned.
You clumsily bash the orc wizard but do no damage.
You die...

#..#[##......#.#.# #..# ##
##.##.#....###.#.## #.####.
#..##............## #.#....
##.....##..#.##...#####.#.##.
##...#.##...)............##.
##..##.#.....##....#...###.
##..###..>)...#.<...#.##..
##.......o........##....#
###....@..#####..####...
##......####..## #.##
##########............# ##.#
#.......####.....####.####..#
#..........(.##### #..##..###
#.....######## ##.#..###.
#.....#.[...##########.#.####.
#.....#.._..#............)....
#.....#.....##########.######.


You could see an orc wizard.

Vanquished Creatures
  3 gnolls (D:2)
  An adder (D:2)
  A dart slug (D:3)
  10 orcs
  4 ball pythons
  6 endoplasms
  3 giant cockroaches
  5 goblins
  2 hobgoblins
  3 quokkas
  4 frilled lizards
  4 kobolds
  7 rats
53 creatures vanquished.

Notes
Turn   | Place    | Note
-------+----------+-------------------------------------------
     0 | D:1      | GloriousHammer the Deep Elf Hexslinger began the quest for
                  | the Orb.
     0 | D:1      | Reached XP level 1. HP: 11/11 MP: 5/5
   192 | D:1      | Found a faded altar of an unknown god.
   461 | D:1      | Reached skill level 3 in Ranged Weapons
   654 | D:1      | Reached XP level 2. HP: 16/16 MP: 6/6
   808 | D:1      | Reached skill level 4 in Ranged Weapons
  1767 | D:2      | Reached XP level 3. HP: 20/20 MP: 5/7
  1771 | D:2      | Learned a level 3 spell: Confusing Touch
  2343 | D:2      | Reached skill level 5 in Ranged Weapons
  2343 | D:2      | Reached skill level 1 in Armour
  2465 | D:2      | Reached XP level 4. HP: 19/24 MP: 8/8
  2779 | D:3      | Found a shimmering altar of Xom.
  3861 | D:3      | Identified the amulet "Sumnurgh" {Acrobat Str+3}
  3900 | D:3      | Identified the +6 mace of Ypnuij {antimagic, Dex+5}
  4052 | D:3      | Found an ornate altar of the Wu Jian Council.
  4136 | D:4      | Found a staircase to the Ecumenical Temple.
  4359 | D:3      | Succumbed to an orc wizard's poison

Illustrated notes

Levels and vault maps discovered:
D:1:      lightli_iron_boxes, layout_loops_corners,
          shapermc_ecumenical_altar_mp_highgroup, columned_hall_lemuel
D:2:      layout_basic
D:3:      layout_rooms, pdpol_wu_jian_five_deadly_venoms,
          mainiacjoe_overflow_alcove_2, minmay_bisected
D:4:      layout_cave_pools, makhleb_altar_promises_db,
          mainiacjoe_overflow_concentric_impassable,
          lemuel_coloured_pillars_altar, fedhas_altar_decomposition,
          chequers_temple_overflow_minitemple, temple_statues

Skill      XL: |  1  2  3 |
---------------+----------+-----
Ranged Weapons | 3 4 5 |  5.7
Armour         | 1 |  1.4
Fighting       | |  0.7
Dodging        | |  2.4
Spellcasting   | |  1.5
Hexes          | |  4.0

Action                     |  1- 3 |  4- 6 || total
---------------------------+-------+-------++-------
  Melee: Orcbow            |       |     1 ||     1
   Fire: Orcbow            |   105 |    70 ||   175
         Sling             |     1 |       ||     1
   Cast: Slow              |     5 |     1 ||     6
    Use: Potion            |     2 |     3 ||     5
 Armour: Leather armour    |    10 |    11 ||    21
  Dodge: Dodged            |    44 |    28 ||    72

Table legend: (Time is in decaauts)
 A = Elapsed time spent in this place.
 B = Non-inter-level travel time spent in this place.
 C = Inter-level travel time spent in this place.
 D = Time resting spent in this place.
 E = Time spent auto-exploring this place.
 F = Levels seen in this place.
 G = Mean time per level.
                   A        B        C        D        E       F      G
               +--------+--------+--------+--------+--------+-----+--------+
         Total |   4400 |   3980 |    420 |   1445 |   1970 |   4 | 1100.0 |
       Dungeon |   4400 |   3980 |    420 |   1445 |   1970 |   4 | 1100.0 |
               +--------+--------+--------+--------+--------+-----+--------+

Top non-repeatable levels by time:
     D:3: 1692 daAuts
     D:1: 1618 daAuts
     D:2: 1078 daAuts
     D:4: 11 daAuts
